 Dungeon Crawl Stone Soup version 0.32-a0-841-g4648e6c457 (webtiles) character file.

Game seed: 10613444335177269963

109 Esekla the Trooper (level 4, -1/35 HPs)
             Began as a Demonspawn Wanderer on Mar 27, 2024.
             Was a Plaything of Xom.
             Slain by a sleepcap (6 damage)
             ... on level 3 of the Dungeon.
             The game lasted 00:14:39 (1769 turns).

Esekla the Trooper (Demonspawn Wanderer)            Turns: 1769, Time: 00:14:40

Health: -1/35      AC:  4    Str: 14    XL:     4   Next: 60%
Magic:  6/6        EV: 10    Int: 13    God:    Xom [..*...]
Gold:   187        SH:  0    Dex: 12    Spells: 2/6 levels left

rFire   . . .        a - +2 spear
rCold   . . .        (no shield)
rNeg    . . .        d - +0 leather armour
rPois   .            (helmet restricted)
rElec   .            m - +0 cloak
rCorr   .            (no gloves)
SInv    .            (no boots)
Will    .....        (no amulet)
Stlth   +            (no ring)
HPRegen 0.25/turn    (no ring)
MPRegen 0.10/turn

%: no passive effects
@: no status effects
A: antennae 1, ignite blood 2
a: Renounce Religion


You were on level 3 of the Dungeon.
You worshipped Xom.
You were a toy of Xom.
You visited 1 branch of the dungeon, and saw 4 of its levels.

You collected 187 gold pieces.

Inventory:

Hand Weapons
 a - a +2 spear (weapon)
 l - a +2 war axe of venom
 o - a +0 dagger
Armour
 d - a +0 leather armour (worn)
 m - a +0 cloak (worn)
Jewellery
 f - an amulet of faith
Wands
 b - a wand of flame (7)
Scrolls
 e - a scroll of noise {unknown}
 h - a scroll of teleportation {unknown}
 k - a scroll of fear
 n - a scroll of fog {unknown}
Potions
 c - a potion of attraction
 g - a potion of invisibility {unknown}
 i - a potion of brilliance {unknown}
 j - a potion of enlightenment {unknown}


   Skills:
 * Level 3.5 Fighting
 + Level 3.2 Polearms
 + Level 1.1 Armour
 + Level 0.2 Dodging
 * Level 1.5 Spellcasting
 * Level 1.5 Conjurations
 * Level 0.4 Ice Magic
 * Level 1.2 Air Magic
 * Level 1.0 Alchemy
 + Level 1.2 Invocations
 + Level 1.0 Evocations


You had 2 spell levels left.
You knew the following spells:

 Your Spells              Type           Power      Damage    Failure   Level
a - Shock                 Conj/Air       16%        1d4       19%         1
c - Mephitic Cloud        Conj/Alch/Air  4%         N/A       50%         3

Your spell library contained the following spells:

 Spells                   Type           Power      Damage    Failure   Level
 Sting                    Conj/Alch      16%        1d4       19%         1
 Freeze                   Ice            8%         1d3       26%         1
 Apportation              Tloc           2%         N/A       32%         1
 Necrotise                Necr           4%         1d4       32%         1
 Summon Small Mammal      Summ           4%         N/A       32%         1
 Hailstorm                Conj/Ice       3%         3d5       54%         3
 Frozen Ramparts          Ice            4%         1d1       63%         3
 Inner Flame              Hex/Fire       1%         N/A       69%         3
 Leda's Liquefaction      Alch/Erth      1%         N/A       95%         4
 Petrify                  Alch/Erth      2%         N/A       95%         4
 Irradiate                Conj/Alch      2%         3d12      99%         5
 Metabolic Englaciation   Hex/Ice        0%         N/A       100%        5
 Ignition                 Fire           0%         3d3       100%        8


Dungeon Overview and Level Annotations

Branches:
Dungeon (4/15)
 Temple: D:4-7

Altars:
Qazlal
Xom

Annotations:
D:2 1 runed translucent door


Innate Abilities, Weirdness & Mutations

You have a pair of small antennae on your head.
Your demonic aura often causes spilled blood to erupt in flames.


Message History

A rat, a sleepcap, an endoplasm and a goblin come into view.
Found five items.
The rat squeaks loudly.
The endoplasm quivers.
The goblin shouts!
The sleepcap barely misses you.
You see here a dart slug corpse.
You hit the sleepcap.
The sleepcap is moderately damaged.
The sleepcap releases spores at you.
You are engulfed in a cloud of soporific spores!
You fall asleep.
The sleepcap releases spores at you!
You wake up.
You emit a cloud of colourful smoke!
You are engulfed in a cloud of soporific spores!
You are unaffected.
You hit the sleepcap but do no damage.
The sleepcap is moderately damaged.
The sleepcap closely misses you.
You hit the sleepcap.
The sleepcap is moderately damaged.
The sleepcap releases spores at you.
* * * LOW HITPOINT WARNING * * *
You are engulfed in a cloud of soporific spores!
You are unaffected.
You hit the sleepcap.
The sleepcap is moderately damaged.
The sleepcap releases spores at you.
* * * LOW HITPOINT WARNING * * *
You hit the sleepcap.
The sleepcap is heavily damaged.
The sleepcap barely misses you.
As you read the scroll labelled VAHOSAHOMU, it crumbles to dust.
You assume a fearsome visage.
The sleepcap is unaffected.
It was a scroll of fear.
The sleepcap misses you.
Okay, then.
Okay, then.
Okay, then.
The sleepcap attacks as it pursues you! The sleepcap releases spores at you.
You die...

#..###.. #.##.. ...#.
.#.#.... #... #r##....
#...#.#...... ...
#☼##...# . ##..
#..g#r§...# .. #...
#.J{#§.#..## ...#...##
#=)?#f##...# ..)...#
..#####@##.#.## #.....
........##.#..#####.....
######.....##....#####..
#####.###.......... #.#
#...###..#.
#.###.......##.
#.....########. #######
###.. ##...ß


You could see a sleepcap and a rat.

Vanquished Creatures
  A hound (D:4)
  2 adders (D:2)
  2 dart slugs
  A ribbon worm (D:1)
  6 bats
  4 endoplasms (D:1)
  4 giant cockroaches
  4 goblins
  6 hobgoblins
  4 jackals
  3 quokkas
  6 ball pythons
  3 frilled lizards (D:2)
  2 kobolds (D:1)
  5 rats
53 creatures vanquished.

Notes
Turn   | Place    | Note
-------+----------+-------------------------------------------
     0 | D:1      | Esekla the Demonspawn Wanderer began the quest for the Orb.
     0 | D:1      | Esekla set off with the following items: a +2 spear, a wand
                  | of flame (7), a potion of attraction, a +0 leather armour;
                  | and the following spell memorised: Shock; and the following
                  | spells available to memorise: Mephitic Cloud.
     0 | D:1      | Reached XP level 1. HP: 18/18 MP: 2/2
     0 | D:1      | Noticed a small abomination
     1 | D:1      | Noticed a large abomination
     1 | D:1      | Noticed a large abomination
     3 | D:1      | Noticed a large abomination
     5 | D:1      | Noticed a large abomination
     7 | D:1      | Noticed a large abomination
    10 | D:1      | Noticed a large abomination
    10 | D:1      | Noticed a small abomination
    12 | D:1      | Noticed a large abomination
    13 | D:1      | Noticed a large abomination
    14 | D:1      | Noticed a large abomination
    14 | D:1      | Noticed a small abomination
    16 | D:1      | Noticed a large abomination
    16 | D:1      | Noticed a large abomination
    20 | D:1      | Noticed a large abomination
   108 | D:1      | Gained mutation: Your demonic aura sometimes causes spilled
                  | blood to erupt in flames. [demonic ancestry]
   108 | D:1      | Reached XP level 2. HP: 24/24 MP: 3/3
   430 | D:1      | Reached skill level 1 in Conjurations
   527 | D:1      | Gained mutation: You have a pair of small antennae on your
                  | head. [demonic ancestry]
   527 | D:1      | Reached XP level 3. HP: 28/29 MP: 4/4
   531 | D:1      | Learned a level 3 spell: Mephitic Cloud
  1220 | D:2      | Gained mutation: Your demonic aura often causes spilled
                  | blood to erupt in flames. [demonic ancestry]
  1220 | D:2      | Reached XP level 4. HP: 35/35 MP: 6/6
  1269 | D:2      | Found a stormy altar of Qazlal.
  1388 | D:2      | Found a runed translucent door.
  1532 | D:4      | Reached skill level 1 in Alchemy
  1580 | D:4      | Reached skill level 1 in Armour
  1616 | D:3      | Found a stormy altar of Qazlal.
  1689 | D:3      | Found a faded altar of an unknown god.
  1695 | D:3      | Prayed at the altar of an unknown god.
  1695 | D:3      | Became a worshipper of Xom of Unknown Intention
  1761 | D:3      | XOM: smoke on damage
  1769 | D:3      | Slain by a sleepcap

Illustrated notes

Levels and vault maps discovered:
D:1:      shiori_arrival_whats_in_store_for_you, layout_loops_ring
D:2:      layout_loops_ring, basic_altar, uniq_crazy_yiuf_cottage
D:3:      layout_rooms, amcnicky_altar_gilded,
          dreamdust_ecumenical_altar_angels_and_demons, kennysheep_flooded_box,
          minmay_vboxes
D:4:      layout_basic, mainiacjoe_overflow_alcove_1,
          nicolae_gozag_zags_fifth_avenue, minmay_quadrilaterals

Skill      XL: |  1  2  3  4 |
---------------+-------------+-----
Polearms       | 3 |  3.2
Conjurations   | 1 |  1.5
Alchemy        | 1 |  1.0
Armour         | 1 |  1.1
Fighting       | |  3.5
Dodging        | |  0.2
Spellcasting   | |  1.5
Ice Magic      | |  0.4
Air Magic      | |  1.2
Invocations    | |  1.2
Evocations     | |  1.0

Action                     |  1- 3 |  4- 6 || total
---------------------------+-------+-------++-------
  Melee: Spear             |   143 |    28 ||   171
    Use: Scroll            |       |     1 ||     1
 Armour: Leather armour    |    76 |    20 ||    96
  Dodge: Dodged            |    68 |    15 ||    83

Table legend: (Time is in decaauts)
 A = Elapsed time spent in this place.
 B = Non-inter-level travel time spent in this place.
 C = Inter-level travel time spent in this place.
 D = Time resting spent in this place.
 E = Time spent auto-exploring this place.
 F = Levels seen in this place.
 G = Mean time per level.
                   A        B        C        D        E       F      G
               +--------+--------+--------+--------+--------+-----+--------+
         Total |   1762 |   1754 |      8 |    197 |    290 |   4 |  440.5 |
       Dungeon |   1762 |   1754 |      8 |    197 |    290 |   4 |  440.5 |
               +--------+--------+--------+--------+--------+-----+--------+

Top non-repeatable levels by time:
     D:1: 802 daAuts
     D:2: 617 daAuts
     D:3: 210 daAuts
     D:4: 131 daAuts
